Map: Dasan Station LE

Players

lllllllllll - Winner!

  • Race: Zerg Zerg
  • League: Grandmaster

NORTHAMERICA

  • Race: Protoss Protoss
  • League: Master

VOD

Have the link to the VOD?

Description

Time

  • Played on: Aug. 14, 2016, 12:45 a.m.
  • Length: 4:28
Show
View Real Time Build Order
Export as new Build Order

lllllllllll Zerg - Winner!

Build Orders: Pool First 

Get SALT Encoding   

  12  0:00  Drone  
  13  0:12  Overlord  
  13  0:17  Drone  
  14  0:30  Drone  
  14  0:31  Drone  
  16  0:39  Drone  
  17  0:44  Extractor  
  17  0:47  Drone  
  17  0:52  Spawning Pool  
  16  0:57  Drone  
  17  1:13  Drone  
  18  1:18  Hatchery  
  18  1:22  Drone  
  18  1:39  Queen  
  20  1:40  Zergling x2  
  20  1:43  Drone  
  22  1:49  Metabolic Boost  
  22  2:00  Roach Warren  
  21  2:02  Drone  
  22  2:09  Overlord  
  22  2:36  Zergling x2  
  23  2:40  Roach x3  
  23  2:42  Overlord  
  31  2:51  Roach x2  
  33  3:00  Roach x2  
  37  3:06  Overlord  
  37  3:09  Zergling x2  
  37  3:10  Zergling x2  
  39  3:13  Overlord  
  39  3:22  Overlord  
  39  3:25  Zergling x6  
  42  3:34  Zergling x4  
  42  3:37  Queen  
  46  3:42  Overlord  
  46  3:49  Zergling x2  
  46  3:53  Zergling x2  
  46  3:54  Ravager x2  
  49  3:56  Overlord  
  48  4:06  Zergling x8  
Show
View Real Time Build Order
Export as new Build Order

NORTHAMERICA Protoss 

Build Orders: 1 Gate Expand 

Get SALT Encoding   

  12  0:01  Probe (Chrono Boost)  
  13  0:11  Probe (Chrono Boost)  
  14  0:18  Pylon  
  14  0:22  Probe (Chrono Boost)  
  15  0:36  Gateway  
  15  0:38  Probe (Chrono Boost)  
  16  0:48  Probe (Chrono Boost)  
  17  0:53  Assimilator  
  17  0:59  Probe (Chrono Boost)  
  18  1:09  Probe (Chrono Boost)  
  19  1:21  Nexus  
  19  1:33  Cybernetics Core  
  19  1:36  Zealot  
  19  1:45  Probe (Chrono Boost)  
  22  1:50  Assimilator  
  22  1:56  Pylon  
  22  2:01  Probe (Chrono Boost)  
  23  2:15  Probe (Chrono Boost)  
  24  2:22  Stalker  
  24  2:27  Mothership Core (Chrono Boost)  
  24  2:29  Warp Gate  
  28  2:38  Probe (Chrono Boost)  
  29  2:45  Probe (Chrono Boost)  
  29  2:48  Probe (Chrono Boost)  
  29  2:49  Robotics Facility  
  31  2:55  Probe (Chrono Boost)  
  32  2:59  Probe (Chrono Boost)  
  33  3:07  Probe (Chrono Boost)  
  33  3:09  Probe (Chrono Boost)  
  35  3:13  Pylon  
  35  3:18  Probe (Chrono Boost)  
  37  3:20  Probe (Chrono Boost)  
  37  3:29  Probe (Chrono Boost)  
  37  3:30  Probe (Chrono Boost)  
  39  3:37  Gateway  
  39  3:38  Gateway  
  39  3:41  Immortal  
  43  3:55  Gateway  
  40  3:59  Pylon  
  40  4:01  Pylon  
  40  4:07  Probe (Chrono Boost)  
Tags
 
Add a new tag
Caveats
  • Supply blocks, unpowered buildings, or Contaminate may cause inaccurate times.
  • Supply counts are checked every 10 seconds.